 Dungeon Crawl Stone Soup version 0.27-a0-637-g3a9f0a9c12 (webtiles) character file.

Game seed: 11266888709901987714

2 Gaff the Grasshopper (level 1, -4/20 HPs)
             Began as a Troll Warper on Mar 14, 2021.
             Slain by a kobold
             ... wielding a +0 club
              (5 damage)
             ... on level 1 of the Dungeon.
             The game lasted 00:00:08 (28 turns).

Gaff the Grasshopper (Troll Warper)                   Turns: 28, Time: 00:00:09

Health: -4/20      AC:  4    Str: 18    XL:     1   Next: 25%
Magic:  1/1        EV:  9    Int:  9    God:
Gold:   9          SH:  0    Dex:  9    Spells: 2/2 levels left

rFire    . . .     SeeInvis .     - Unarmed
rCold    . . .     Faith    .   (no shield)
rNeg     . . .     Spirit   .   a - +0 robe
rPois    .         Reflect  .   (helmet restricted)
rElec    .         Harm     .   (no cloak)
rCorr    .         Rampage  .   (gloves unavailable)
Will     .....                  (boots unavailable)
Stlth    +.........             (no amulet)
HPRegen  1.06/turn              (no ring)
MPRegen  0.07/turn              (no ring)

@: no status effects
A: large, unfitting armour, claws 3, regeneration 1, shaggy fur 1, tough skin 1
a: no special abilities


You were on level 1 of the Dungeon.
You visited 1 branch of the dungeon, and saw 1 of its levels.

You collected 9 gold pieces.

Inventory:

Missiles
 d - 5 boomerangs of dispersal (quivered)
Armour
 a - a +0 robe (worn)
Scrolls
 c - a scroll of blinking


   Skills:
 + Level 1.7 Fighting
 + Level 0.8 Throwing
 + Level 1.9 Dodging
 + Level 2.0 Unarmed Combat
 + Level 1.2 Spellcasting
 + Level 2.1 Translocations


You had 2 spell levels left.
You didn't know any spells.
Your spell library contained the following spells:

 Spells                   Type           Power      Damage    Failure   Level
 Blink                    Tloc           N/A        N/A       22%         2
 Gell's Gravitas          Tloc           2%         N/A       41%         3
 Lesser Beckoning         Tloc           2%         N/A       41%         3
 Teleport Other           Tloc           4%         N/A       41%         3
 Manifold Assault         Tloc           4%         N/A       82%         4


Dungeon Overview and Level Annotations

Branches:
Dungeon (1/15)

Altars:


Innate Abilities, Weirdness & Mutations

You are too large for most types of armour.
You have claws for hands.
Your natural rate of healing is unusually fast.
You are covered in fur. (AC +1)
You have tough skin. (AC +1)


Message History

The leopard gecko bites you.
A rat, a hobgoblin and 2 kobolds come into view.
The kobold shouts! x2
The leopard gecko bites you.
You are too injured to fight recklessly!
You are too injured to fight recklessly!
You barely miss the leopard gecko. The leopard gecko closely misses you.
You scratch the leopard gecko.
You kill the leopard gecko!
A giant cockroach comes into view.
You see here a scroll labelled DUKIZ AVUMMAHI.
You barely miss the hobgoblin. The hobgoblin misses you.
You scratch the hobgoblin but do no damage.
The hobgoblin closely misses you.
You barely miss the hobgoblin. The rat barely misses you.
The kobold barely misses you. The kobold closely misses you.
You barely miss the hobgoblin.
The hobgoblin hits you but does no damage.
The rat barely misses you. The kobold barely misses you.
You scratch the hobgoblin.
The hobgoblin is almost dead.
The kobold closely misses you. The rat bites you but does no damage.
The hobgoblin hits you with a +0 club.
You barely miss the hobgoblin.
The hobgoblin is almost dead.
The kobold barely misses you. The kobold hits you with a +0 whip.
The rat completely misses you. The hobgoblin hits you with a +0 club.
* * * LOW HITPOINT WARNING * * *
You scratch the hobgoblin but do no damage.
The hobgoblin is almost dead.
The kobold closely misses you. The kobold hits you with a +0 club.
* * * LOW HITPOINT WARNING * * *
The rat barely misses you. The hobgoblin hits you with a +0 club.
* * * LOW HITPOINT WARNING * * *
You claw the hobgoblin!
You kill the hobgoblin!
The kobold hits you with a +0 whip.
* * * LOW HITPOINT WARNING * * *
The kobold hits you with a +0 club.
You die...

#.....# #.....#
##.....# #.8....#
#<.....########
#.8.........#...
##..............
#..Kr..........
#..@KB.........
####g....$..!..
##...........
#............
#............
.................
........!.....###
#..........#####
.........###


You could see a giant cockroach, a hobgoblin, 2 kobolds and a rat.

Vanquished Creatures
  A leopard gecko (D:1)
  A hobgoblin (D:1)
2 creatures vanquished.

Notes
Turn   | Place    | Note
-------+----------+-------------------------------------------
     0 | D:1      | Gaff the Troll Warper began the quest for the Orb.
     0 | D:1      | Reached XP level 1. HP: 19/19 MP: 1/1
    28 | D:1      | HP: 1/20 [kobold/+0 whip (3)]
    28 | D:1      | Slain by a kobold

Illustrated notes

Levels and vault maps discovered:
D:1:      mrwooster_arrival_statue, layout_rooms

Action                   || total
-------------------------++-------
Melee: Unarmed           ||    10
Armor: Robe              ||     2
Dodge: Dodged            ||    13

Table legend: (Time is in decaauts)
 A = Elapsed time spent in this place.
 B = Non-inter-level travel time spent in this place.
 C = Inter-level travel time spent in this place.
 D = Time resting spent in this place.
 E = Time spent auto-exploring this place.
 F = Levels seen in this place.
 G = Mean time per level.
                   A        B        C        D        E       F      G
               +--------+--------+--------+--------+--------+-----+--------+
         Total |     27 |     27 |      0 |      0 |      8 |   1 |   27.0 |
       Dungeon |     27 |     27 |      0 |      0 |      8 |   1 |   27.0 |
               +--------+--------+--------+--------+--------+-----+--------+

Top non-repeatable levels by time:
     D:1: 27 daAuts
